AoeStats
← DuentePreto

Arena

510104460Analyzed
3v3 RM · 4d ago on Sep 29, 2026· 61m 7s· 6 players
Game mode
Random Map
Map size
Normal (6 player)
Population
200
Speed
Normal
Resources
Standard
Victory
Conquest
Starting age
Dark Age
Ending age
Imperial Age
RankedLock teamsTeams togetherTeam positionsShared explorationLock speedFull tech treeHidden civsTurbo modeCheats
Victory
Defeat
🇪🇸 Persians · Spain
1133
+16
🇦🇺 Japanese · Australia
1122
+16
🇨🇳 Mongols · China
1106
+17
🇧🇷 Franks · Brazil
1159
-17
🇪🇸 Burgundians · Spain
1143
-17
1090
-15
DevFreak
10:03 Feudal Age
11:17 Double-Bit Axe
11:13 Horse Collar
12:04 Loom
16:58 Castle Age
14:50 Man-at-Arms
16:11 Scale Mail Armor
16:27 Gold Mining
17:13 Long Swordsman
18:08 Gambesons
18:52 Squires
21:37 Fletching
25:31 Pikeman
29:13 Forging
33:24 Wheelbarrow
33:02 Bow Saw
33:03 Heavy Plow
33:25 Chain Mail Armor
39:53 Imperial Age
38:30 Masonry
39:04 Iron Casting
38:23 Treadmill Crane
39:19 Stone Mining
39:47 Hand Cart
39:56 Hand Cart
40:59 Kataparuto
41:01 Conscription
40:29 Halberdier
41:43 Plate Mail Armor
40:55 Two-Handed Swordsman
42:46 Blast Furnace
45:46 Champion
50:17 Hoardings
50:52 Chemistry
53:11 Bodkin Arrow
53:56 Elite Samurai
59:46 Siege Engineers
61:02 Ballistics
61:43 Chemistry
60:39 Murder Holes
Onlyfarms
10:18 Feudal Age
11:07 Horse Collar
11:13 Double-Bit Axe
17:49 Castle Age
15:53 Stone Mining
17:24 Gold Mining
17:47 Scale Barding Armor
17:55 Forging
19:15 Husbandry
23:59 Loom
25:52 Chain Barding Armor
25:23 Fletching
27:18 Heavy Plow
30:37 Devotion
31:13 Iron Casting
30:59 Town Watch
33:03 Wheelbarrow
33:42 Bloodlines
34:03 Hand Cart
37:14 Imperial Age
34:24 Light Cavalry
36:58 Elite War Elephant
37:55 Hussar
39:36 Blast Furnace
40:02 Conscription
42:37 Caravan
46:26 Faith
46:42 Plate Barding Armor
48:47 Crop Rotation
48:28 Bow Saw
51:21 Guilds
51:42 Coinage
52:34 Citadels
52:22 Bodkin Arrow
52:58 Town Patrol
53:10 Bow Saw
56:45 Cavalier
58:24 Savar
君临天下
10:13 Feudal Age
14:49 Castle Age
12:55 Double-Bit Axe
13:26 Horse Collar
14:06 Gold Mining
14:53 Stone Mining
19:54 Town Watch
19:57 Loom
24:11 Bow Saw
24:37 Heavy Plow
28:22 Imperial Age
25:54 Town Watch
26:50 Wheelbarrow
26:44 Fletching
26:55 Padded Archer Armor
27:26 Bloodlines
27:17 Husbandry
27:24 Nomads
27:49 Bodkin Arrow
28:26 Thumb Ring
29:19 Ballistics
29:40 Hand Cart
28:57 Light Cavalry
29:59 Conscription
31:28 Chemistry
30:58 Parthian Tactics
30:50 Leather Archer Armor
31:58 Elite Mangudai
33:43 Hussar
35:23 Forging
35:18 Scale Barding Armor
36:23 Bracer
40:53 Iron Casting
40:48 Chain Barding Armor
43:41 Blast Furnace
Gordo Cabron
4:15 Loom
11:09 Feudal Age
9:45 Double-Bit Axe
15:56 Castle Age
14:05 Horse Collar
16:42 Gold Mining
17:36 Wheelbarrow
17:25 Light Cavalry
21:51 Forging
22:44 Cavalier
25:25 Scale Barding Armor
29:39 Heavy Plow
32:28 Scale Mail Armor
33:04 Iron Casting
32:35 Town Watch
37:42 Imperial Age
36:33 Chain Barding Armor
36:20 Husbandry
36:37 Pikeman
41:51 Halberdier
43:12 Chain Mail Armor
47:13 Plate Mail Armor
48:22 Squires
48:04 Man-at-Arms
48:49 Long Swordsman
52:51 Blast Furnace
53:25 Two-Handed Swordsman
57:12 Squires
Хорус_Лубрикант
7:20 Loom
9:45 Feudal Age
14:10 Castle Age
12:48 Double-Bit Axe
13:10 Horse Collar
16:34 Bow Saw
22:11 Wheelbarrow
24:09 Scale Mail Armor
24:19 Forging
27:39 Gold Mining
34:05 Heavy Plow
38:56 Imperial Age
38:38 Ballistics
38:50 Hand Cart
39:43 Gold Shaft Mining
39:00 Stone Mining
40:02 Illumination
40:12 Heavy Scorpion
43:10 Chemistry
42:25 Onager
43:39 Conscription
46:16 Northmen's Fury
46:26 Siege Onager
50:25 Iron Casting
50:53 Chain Mail Armor
DuentePreto
10:07 Feudal Age
14:17 Castle Age
12:31 Double-Bit Axe
15:47 Bow Saw
20:40 Wheelbarrow
22:02 Stone Mining
22:30 Gold Mining
23:38 Hand Cart
23:56 Husbandry
24:04 Scale Barding Armor
26:42 Chain Barding Armor
26:33 Forging
26:16 Loom
27:21 Gold Shaft Mining
30:37 Imperial Age
29:54 Elite Skirmisher
30:31 Fletching
30:41 Padded Archer Armor
31:28 Bodkin Arrow
32:01 Conscription
31:50 Town Watch
32:06 Cavalier
33:23 Plate Barding Armor
33:04 Leather Archer Armor
33:28 Iron Casting
37:35 Chemistry
36:55 Paladin
38:12 Ballistics
43:03 Blast Furnace
42:15 Masonry
42:09 Town Patrol
57:14 Capped Ram
57:48 Light Cavalry
Connection lost

Rejoining the realm…

Still unreachable

The connection could not be restored.

Session expired

The server has moved on; the page needs a fresh start.